 Dungeon Crawl Stone Soup version 0.26.1-10-gdfb7c7de75 (webtiles) character file.

Game seed: 7935336964679317262

80 Chiseanne the Magician (level 4, 30/30 HPs)
             Began as a Demonspawn Hedge Wizard on Apr 5, 2021.
             Quit the game on level 3 of the Dungeon.
             The game lasted 00:03:57 (2732 turns).

Chiseanne the Magician (Demonspawn Hedge Wizard)    Turns: 2732, Time: 00:03:57

Health: 30/30      AC:  5    Str: 10    XL:     4   Next: 18%
Magic:  9/9        EV: 12    Int: 16    God:
Gold:   88         SH:  0    Dex: 13    Spells: 4/10 levels left

rFire    . . .     SeeInvis .   a - -3 rapier (curse)
rCold    . . .     Faith    .   (no shield)
rNeg     . . .     Spirit   .   b - +0 robe
rPois    .         Reflect  .   m - +2 hat
rElec    .         Harm     .   (no cloak)
rCorr    .         Rampage  .   (no gloves)
Will     .....                  (no boots)
Stlth    ++........             (no amulet)
HPRegen  0.10/turn              (no ring)
MPRegen  0.11/turn              (no ring)

@: no status effects
A: rugged brown scales 1
a: no special abilities


You were on level 3 of the Dungeon.
You visited 1 branch of the dungeon, and saw 3 of its levels.

You collected 88 gold pieces.

Inventory:

Hand Weapons
 a - a cursed -3 rapier (weapon)
Missiles
 d - 33 bolts
 f - 44 arrows
 h - 11 poisoned darts
 i - 13 sling bullets
Armour
 b - a +0 robe (worn)
 m - a +2 hat (worn)
 o - a +0 kite shield
Jewellery
 g - a +4 ring of protection {unknown}
Wands
 l - a wand of acid (4)
Scrolls
 p - 2 scrolls of blinking
 q - a scroll of immolation
Potions
 c - 2 potions of curing {unknown}
 e - a potion of cancellation
 j - a potion of mutation
 k - a potion of resistance {unknown}
 n - a potion of might {unknown}


   Skills:
 - Level 1.7 Dodging
 - Level 1.7 Stealth
 - Level 3.9 Spellcasting
 - Level 2.9 Conjurations
 - Level 1.0 Summonings
 - Level 0.8 Translocations
 * Level 0.0 Air Magic
 * Level 0.1 Poison Magic


You had 4 spell levels left.
You knew the following spells:

 Your Spells              Type           Power        Failure   Level
a - Magic Dart            Conj           48%          5%          1
b - Blink                 Tloc           N/A          19%         2
d - Mephitic Cloud        Conj/Pois/Air  6%           32%         3

Your spell library contained the following spells:

 Spells                   Type           Power        Failure   Level
 Call Imp                 Summ           6%           17%         2
 Slow                     Hex            3%           26%         2
 Conjure Flame            Conj/Fire      7%           28%         3


Dungeon Overview and Level Annotations

Branches:
Dungeon (3/15)

Altars:
Elyvilon
Gozag
Makhleb
Qazlal
The Shining One


Innate Abilities, Weirdness & Mutations

You are partially covered in rugged brown scales. (AC +1, +3% HP)


Message History

You kill the bat!
Casting: Magic Dart (safe; 5% risk of failure)
Confirm with . or Enter, or press ? or * to list all spells.
Aiming: Magic Dart (safe; 5% risk of failure)
Press: ? - help, Shift-Dir - straight line, f - you That beam is likely to hit you.
Continue anyway?
Okay, then.
You now have 88 gold pieces (gained 6).
Found a glowing rapier.
Drop what? 17/52 slots (_ for help) (? for menu, Esc to quit)
You are now empty-handed.
You drop a +1 dagger.
You see here a glowing rapier.
a - a glowing rapier It sticks to your hand!
a - a cursed -3 rapier (weapon)
As you read the scroll labelled TEFYNI QIHYEF, it crumbles to dust.
The air around you briefly surges with heat, but it dissipates.
It was a scroll of immolation.
You see here a +1 dagger.
Are you sure you want to abandon this character and quit the game? (Confirm with "yes".)

.....................# .#
#####.....†............ .
#................#..
##...............#..
##.....#......... ...
#####.......... ..#
##......... ..#
#..#....... .#
####@#...##..# .#
#..).#.#..# ## .#
#..####.#..# .# #..#
.#.... .## #..##### .#
..(# ..########.#..... #.
..## #..............## ...
###.............###....#..
##...............##.......


There were no monsters in sight!

Vanquished Creatures
  A hound (D:3)
  2 adders (D:2)
  2 dart slugs
  7 bats
  2 giant cockroaches (D:2)
  5 goblins
  3 hobgoblins
  5 kobolds
  2 frilled lizards
  2 rats
31 creatures vanquished.

Notes
Turn   | Place    | Note
-------+----------+-------------------------------------------
     0 | D:1      | Chiseanne the Demonspawn Hedge Wizard began the quest for
                  | the Orb.
     0 | D:1      | Reached XP level 1. HP: 13/13 MP: 4/4
   343 | D:1      | Gained mutation: You are partially covered in rugged brown
                  | scales. (AC +1, +3% HP) [demonic ancestry]
   343 | D:1      | Reached XP level 2. HP: 13/19 MP: 3/6
   929 | D:2      | Found a glowing golden altar of the Shining One.
   929 | D:2      | Found a stormy altar of Qazlal.
   929 | D:2      | Found an opulent altar of Gozag.
  1406 | D:2      | Reached XP level 3. HP: 24/24 MP: 4/8
  2268 | D:3      | Found a burning altar of Makhleb.
  2275 | D:3      | Reached XP level 4. HP: 30/30 MP: 2/9
  2372 | D:3      | Found a white marble altar of Elyvilon.
  2550 | D:2      | Learned a level 2 spell: Blink
  2554 | D:2      | Learned a level 3 spell: Mephitic Cloud
  2732 | D:3      | Quit the game

Illustrated notes

Levels and vault maps discovered:
D:1:      shiori_shiawase, layout_basic, serial_glass, glass_columns_b,
          glass_columns_b, glass_columns_a, glass_columns_a,
          minmay_strange_pillars, due_unseen_surprise, item_on_display_a
D:2:      layout_basic, gammafunk_temple_overflow_forgotten
D:3:      layout_rooms, elyvilon_altar_1, makhleb_heckhound_becter,
          nemelex_spade_bored_becter

Skill      XL: |  1  2 |
---------------+-------+-----
Conjurations   | 2 |  2.9
Dodging        | |  1.7
Stealth        | |  1.7
Spellcasting   | |  3.9
Summonings     | |  1.0
Translocations | |  0.8
Poison Magic   | |  0.1

Action                   |  1- 3 |  4- 6 || total
-------------------------+-------+-------++-------
Melee: Dagger            |    26 |       ||    26
 Cast: Magic Dart        |    68 |     9 ||    77
  Use: Scroll            |     8 |     1 ||     9
Armor: Robe              |    13 |       ||    13
Dodge: Dodged            |    35 |     2 ||    37
